 Dungeon Crawl Stone Soup version 0.17.1-3-g152610e (webtiles) character file.

109 kaze the Ducker (level 4, 0/35 HPs)
             Began as a Demonspawn Gladiator on Mar 31, 2016.
             Was a Believer of Lugonu.
             Succumbed to an orc's poison
             ... on level 3 of the Dungeon.
             The game lasted 00:04:27 (1850 turns).

kaze the Ducker (Demonspawn Gladiator)              Turns: 1850, Time: 00:04:28

Health: 0/35       AC:  6    Str: 16    XL:     4   Next: 59%
Magic:  4/4        EV: 13    Int: 10    God:    Lugonu [**....]
Gold:   76         SH:  0    Dex: 13    Spells: 0 memorised, 3 levels left

rFire  . . .     SeeInvis .     a - +0 war axe
rCold  . . .     Clarity  .     b - +0 leather armour
rNeg   . . .     SustAt   .     (no shield)
rPois  .         Gourm    .     c - +0 helmet
rElec  .         Spirit   .     (no cloak)
rCorr  .         Warding  .     (no gloves)
rMut   .         Stasis   .     f - +0 pair of boots
MR     .....                    (no amulet)
Stlth  +.........               (no ring)
                                (no ring)

@: lethally poisoned (0 -> -18), very slightly contaminated, hasted, very quick,
not resistant to hostile enchantments, very unstealthy
A: claws 1, rugged brown scales 1
a: Depart the Abyss, Bend Space, Renounce Religion


You were on level 3 of the Dungeon.
You worshipped Lugonu.
Lugonu was pleased with you.
You were full.

You visited 1 branch of the dungeon, and saw 3 of its levels.

You collected 76 gold pieces.

Inventory:

Hand Weapons
 a - a +0 war axe (weapon)
Missiles
 d - 3 throwing nets (quivered)
Armour
 b - a +0 leather armour (worn)
 c - a +0 helmet (worn)
 f - a +0 pair of boots (worn)
Scrolls
 h - a scroll of fear {unknown}
 i - a scroll of magic mapping {unknown}
 m - a scroll of teleportation {unknown}
 o - 2 scrolls of remove curse {unknown}
 p - a scroll of noise {unknown}
 q - 2 scrolls of identify {unknown}
Potions
 k - a potion of degeneration {unknown}
 n - a potion of cancellation {unknown}
Comestibles
 e - a bread ration
 g - a fruit
 l - 6 chunks of flesh


   Skills:
 + Level 2.4 Fighting
 + Level 3.5 Axes
 + Level 1.8 Throwing
 + Level 1.2 Armour
 + Level 3.6 Dodging
 + Level 0.4 Stealth
 + Level 0.3 Invocations


You had 3 spell levels left.
You didn't know any spells.

Dungeon Overview and Level Annotations

Branches:
Dungeon (3/15)

Altars:
Fedhas
Makhleb
Vehumet
Zin
Lugonu


Innate Abilities, Weirdness & Mutations

You have sharp fingernails.
You are partially covered in rugged brown scales (AC +1, +3% HP).


Message History

The orc hits you with a short sword.
* * * LOW HITPOINT WARNING * * *
You slash the orc!
You kill the orc!
Lugonu accepts your kill.
You hit the orc.
You kill the orc!
Lugonu accepts your kill.
* * * LOW HITPOINT WARNING * * *
You feel sick.
Drink which item? (? for menu, Esc to quit)
It was a potion of haste.
You feel yourself speed up.
* * * LOW HITPOINT WARNING * * *
You feel sick.
You are very lightly contaminated with residual magic.
There is a lethal amount of poison in your body!
There is a lethal amount of poison in your body!
There is a lethal amount of poison in your body!
Eat which item? (? for menu, Esc to quit)
You die...

## ##.# #.
##...## #
#.###.....##.#
#[.........#.###
#.#......[)....#
#.##....)@)#
#.###...†)##
##.####.....#
#####...####.###.
###............#
..
.>........####.#
## ###.##.#.##
##.. ###.##.#.#
###
.........######
.#


There were no monsters in sight!

Vanquished Creatures
  The ghost of DEFINITELYNOTMATTIAS the Charmwright, a weakling VSSk of Ru (D:3)
  2 oozes (D:2)
  A worm (D:2)
  3 giant geckos
  6 orcs (D:3)
  2 giant cockroaches
  7 hobgoblins
  6 jackals (D:2)
  8 bats
  4 giant newts
  7 goblins
  3 kobolds
  7 rats
57 creatures vanquished.

Vanquished Creatures (others)
  A bat (D:2)
1 creature vanquished.

Grand Total: 58 creatures vanquished

Notes
Turn   | Place    | Note
--------------------------------------------------------------
     0 | D:1      | kaze the Demonspawn Gladiator began the quest for the Orb.
     0 | D:1      | Reached XP level 1. HP: 16/16 MP: 1/1
   168 | D:1      | Reached skill level 3 in Axes
   184 | D:1      | Gained mutation: You have sharp fingernails. [demonic ancestry]
   184 | D:1      | Reached XP level 2. HP: 19/22 MP: 2/2
   493 | D:2      | Reached XP level 3. HP: 25/27 MP: 3/3
   637 | D:2      | Found a radiant altar of Vehumet.
   746 | D:2      | Found a faded altar to an unknown god.
   845 | D:2      | Became a worshipper of Lugonu the Unformed
   845 | D:2      | Reached * piety under Lugonu
   845 | D:2      | Reached ** piety under Lugonu
   917 | D:2      | Found a blossoming altar of Fedhas.
  1132 | D:3      | Noticed DEFINITELYNOTMATTIAS's ghost (weakling VSSk)
  1146 | D:3      | Killed DEFINITELYNOTMATTIAS's ghost
  1146 | D:3      | Reached skill level 1 in Armour
  1146 | D:3      | Gained mutation: You are partially covered in rugged brown scales (AC +1, +3% HP). [demonic ancestry]
  1146 | D:3      | Reached XP level 4. HP: 10/35 MP: 4/4
  1699 | D:3      | Found a glowing silver altar of Zin.
  1699 | D:3      | Found a burning altar of Makhleb.
  1700 | D:3      | Noticed an Executioner
  1700 | D:3      | Noticed an angel
  1849 | D:3      | HP: 1/35 [poisoned by an orc]
  1850 | D:3      | Succumbed to an orc's poison

Action                   |  1- 3 |  4- 6 || total
-------------------------+-------+-------++-------
Melee: War axe           |   136 |    46 ||   182
Invok: Bend Space        |     1 |     1 ||     2
  Use: Potion            |       |     1 ||     1
  Eat: Chunk             |       |     2 ||     2
       Bread ration      |       |     1 ||     1
       Beef jerky        |       |     1 ||     1
